[Event "*** Titled Tuesday Blitz"]
[Site "Chess.com"]
[Date "2021.03.09"]
[Round "4"]
[White "sergiochess83"]
[Black "Funo09"]
[Result "1-0"]
[WhiteElo "2912"]
[BlackElo "2724"]
[TimeControl "180+1"]
[EndTime "10:42:26 PST"]
[Termination "sergiochess83 won by resignation"]

1. e4 Nf6 2. e5 Nd5 3. d4 Nb6 4. a4 a5 5. Nf3 d6 6. h3 g6 7. Bd3 Bg7 8. O-O O-O 9. Qe2 c6 10. Nc3 Na6 11. Bf4 Nb4 12. Rfe1 Nxd3 13. Qxd3 Bf5 14.
Qe2 h6 15. Bg3 Qd7 16. Ne4 Rfe8 17. b3 Rad8 18. Rad1 Nd5 19. Qd2 Qc7 20. exd6 exd6 21. Nxd6 Rxe1+ 22. Rxe1 Rxd6 23. c4 Nb4 24. c5 Rxd4 25.
Bxc7 Rxd2 26. Nxd2 Bc3 27. Re8+ Kh7 28. Nc4 Na6 29. Be5 Bxe5 30. Rxe5 Kg7 31. Nxa5 Kf6 32. f4 g5 33. Nxb7 gxf4 34. Re8 Be6 35. Ra8 Nc7 36. Rb8 Na6 37. Ra8 Nc7 38. Rh8 Kg7 39. Rd8 Bxb3 40. a5 Na6 41. Nd6 Be6 42. Ra8 Nxc5 43. a6 f3 44. a7 Nd3 45. gxf3 Bd5 46. Rd8 c5 47.
Ne8+ Kg6 48. Rxd5 Nf4 49. Rd6+ 1-0

[Event "*** Titled Tuesday Blitz"]
[Site "Chess.com"]
[Date "2021.03.09"]
[Round "4"]
[White "Rap_woyska"]
[Black "frederiksvane"]
[Result "0-1"]
[WhiteElo "2490"]
[BlackElo "2653"]
[TimeControl "180+1"]
[EndTime "10:42:29 PST"]
[Termination "frederiksvane won on time"]

1. c4 c5 2. Nf3 Nc6 3. Nc3 g6 4. e3 Nf6 5. d4 cxd4 6. exd4 d5 7. cxd5 Nxd5 8. Qb3 Nxc3 9. Bc4 e6 10. bxc3 Bg7 11. Ba3 Bf8 12. Bc1 Be7 13. Bh6 Qc7 14. O-O Bf8 15. Bg5 Bg7 16. d5 exd5 17. Rfe1+ Be6 18.
Bxd5 O-O 19. Bxe6 fxe6 20. Qxe6+ Kh8 21. Rac1 Rxf3 22. gxf3 Ne5 23. Rxe5 Qxe5 24. Qxe5 Bxe5 25. c4 Rc8 26. Be3 b6 27. Kg2 Kg8 28. f4 Bd6 29. Kf3 Kf7 30. Ke4 Ke6 31. Kd3 Kf5 32. Rb1 Bxf4 33. Rb5+ Kg4 34. Rd5 Bxh2 35. c5 bxc5 36.
Bxc5 Rc7 37. Be3 Rf7 38. a4 Bf4 39. Bc5 h5 40. a5 h4 41. Ke2 h3 42. Kf1 Rb7 43.
Rd1 a6 44. Bb6 Re7 45. Kg1 Re5 46. Kh1 Rb5 47. Rg1+ Kf3 48. Rxg6 h2 0-1

[Event "*** Titled Tuesday Blitz"]
[Site "Chess.com"]
[Date "2021.03.09"]
[Round "4"]
[White "lamomiablanca"]
[Black "francyIM"]
[Result "0-1"]
[WhiteElo "2389"]
[BlackElo "2603"]
[TimeControl "180+1"]
[EndTime "10:42:29 PST"]
[Termination "francyIM won by checkmate"]

1. e4 c5 2. d3 Nc6 3. g3 g6 4. Bg2 Bg7 5. f4 e6 6. Nf3 Nge7 7. c3 d5 8. O-O dxe4 9. dxe4 Qxd1 10. Rxd1 e5 11.
Na3 O-O 12. Nc4 Be6 13. Ncxe5 Nxe5 14. Nxe5 Rfd8 15. Be3 Bxe5 16. fxe5 b6 17. Rd6 Re8 18. b3 Rac8 19. Rad1 Nc6 20. Bf4 Bg4 21. R1d2 Nxe5 22. Bxe5 Rxe5 23. Rd8+ Re8 24. Rxc8 Bxc8 25. Kf2 Kf8 26.
Ke3 Ke7 27. h4 f6 28. Kf4 Bb7 29. g4 h6 30. e5 fxe5+ 31. Kxe5 Bc8 32. Kf4 Rf8+ 33.
Kg3 Be6 34. Re2 Kd6 35. Rd2+ Kc7 36. Re2 Bd7 37. Re7 g5 38. hxg5 hxg5 39. Rg7 Re8 40.
Rxg5 Re3+ 41. Kf2 Rxc3 42. Be4 Kd6 43. Rg7 b5 44. g5 c4 45. bxc4 Rxc4 46. g6 Rxe4 47.
Rg8 Rg4 48. g7 a5 49. Kf3 Rg1 50. Kf2 Rg6 51. Kf3 a4 52. Kf4 b4 53. Ke4 Rg2 54. Kd4 b3 55. axb3 axb3 56. Rb8 Be6 57.
Kc3 Rxg7 58. Rd8+ Ke5 59. Re8 Rg3+ 60. Kb2 Rg2+ 61. Kc1 Kd5 62. Re7 b2+ 63. Kb1 Bf5+ 64. Ka2 b1=Q+ 65. Ka3 Ra2# 0-1

[Event "*** Titled Tuesday Blitz"]
[Site "Chess.com"]
[Date "2021.03.09"]
[Round "4"]
[White "gusmaster2262"]
[Black "toog"]
[Result "0-1"]
[WhiteElo "2143"]
[BlackElo "2372"]
[TimeControl "180+1"]
[EndTime "10:42:29 PST"]
[Termination "toog won on time"]

1. e4 c5 2. Nf3 d6 3. Bb5+ Bd7 4. a4 Nf6 5. Nc3 g6 6. O-O Bg7 7. Re1 O-O 8. d3 Bg4 9. h3 Bxf3 10. Qxf3 a6 11.
Bc4 Nc6 12. Qd1 e6 13. Bg5 h6 14. Bh4 Qb6 15. Rb1 Nd7 16. Bg3 Nd4 17. Ne2 Nxe2+ 18. Rxe2 Qc6 19. c3 b5 20. Bb3 Be5 21. f4 Bg7 22. d4 cxd4 23. cxd4 d5 24. e5 Rfc8 25. Rc2 Qb6 26. Rbc1 Qb7 27. Bf2 Nb6 28. axb5 axb5 29. Rc5 Nc4 30. Qe2 Bf8 31. Rxc8 Rxc8 32. g4 Qd7 33.
Rc2 Ra8 34. Rc1 Bb4 35. Be1 Bxe1 36. Rxe1 Qa7 37. Rf1 Qxd4+ 38. Kh2 Rb8 39. h4 Qxb2 40. Qxb2 Nxb2 41. Rb1 Nc4 42. Kg3 Nd2 43. Rb2 Nxb3 44. Rxb3 Kf8 45. f5 gxf5 46. gxf5 Ke7 47. Kf4 Kd7 48.
fxe6+ fxe6 49. Kg4 Kc6 50. Kh5 Kc5 51. Kxh6 Kc4 52. Rb1 Kd4 53. h5 Kxe5 54. Kg6 Rg8+ 55. Kf7 Rh8 56. Kg6 Rb8 57. h6 Kd4 58. h7 e5 59. Rd1+ Kc5 60. Kf5 e4 0-1

[Event "*** Titled Tuesday Blitz"]
[Site "Chess.com"]
[Date "2021.03.09"]
[Round "4"]
[White "Orest_Vovk"]
[Black "LamaChampetre"]
[Result "1-0"]
[WhiteElo "2434"]
[BlackElo "2215"]
[TimeControl "180+1"]
[EndTime "10:42:30 PST"]
[Termination "Orest_Vovk won on time"]

1. d4 Nf6 2. Nf3 g6 3. Bg5 Bg7 4. Nbd2 d5 5. e3 O-O 6. Bd3 c5 7. c3 Nc6 8. O-O b6 9. Ne5 Nxe5 10. dxe5 Ng4 11. Bb5 Nxe5 12. Nf3 Bb7 13. Nxe5 Bxe5 14. Bh6 Bg7 15. Bxg7 Kxg7 16. a4 a6 17. Be2 Qd6 18. Bf3 Rab8 19. b4 Rfd8 20. a5 cxb4 21. Qd4+ e5 22. Qxb4 b5 23. Rfd1 Qe6 24. h3 Rbc8 25.
Bg4 f5 26. Bf3 Rc4 27. Qb2 Rdc8 28. Ra3 R4c5 29. Qb4 Rc4 30. Qb2 R4c5 31. Qd2 Qe7 32. Qb2 Qc7 33. Qb4 Rc4 34. Qb2 Rxc3 35. Rxc3 Qxc3 36.
Qxc3 Rxc3 37. Bxd5 Bxd5 38. Rxd5 Ra3 39. Rxe5 Rxa5 40. Re7+ Kh6 41. Rb7 Ra4 42. Rb6 b4 43.
g4 fxg4 44. hxg4 a5 45. f4 Kg7 46. Rb7+ Kf6 47. e4 Ke6 48. f5+ Ke5 49. Re7+ Kf6 50.
Re6+ 1-0

[Event "*** Titled Tuesday Blitz"]
[Site "Chess.com"]
[Date "2021.03.09"]
[Round "4"]
[White "lacafi"]
[Black "schondeln"]
[Result "1-0"]
[WhiteElo "2157"]
[BlackElo "2393"]
[TimeControl "180+1"]
[EndTime "10:42:30 PST"]
[Termination "lacafi won by resignation"]

1. d4 d5 2. Nf3 Nf6 3. e3 Bf5 4. Bd3 Bxd3 5. Qxd3 c6 6. Nbd2 Nbd7 7. O-O e6 8. e4 dxe4 9. Nxe4 Be7 10. Re1 O-O 11. c4 Re8 12. Qe2 c5 13. Neg5 Bf8 14.
Rd1 h6 15. Nh3 cxd4 16. Nxd4 Qa5 17. Nb5 a6 18. Nd6 Bxd6 19. Rxd6 b5 20. Be3 bxc4 21. Qxc4 Rec8 22. Qh4 Rc7 23. a3 Rac8 24. Rad1 Qf5 25. Qa4 Nf8 26. Nf4 e5 27. Nd5 Nxd5 28. R6xd5 Rc6 29.
Qa5 f6 30. Rd8 Kh7 31. Rxc8 Qxc8 32. h3 Ne6 33. Qa4 Rc4 34. Qb3 Nd4 35. Bxd4 exd4 36.
Qd3+ Kh8 37. g3 Qc5 38. Kg2 Qd5+ 39. Kg1 a5 40. Rd2 a4 41. Rd1 h5 42. Qg6 Kg8 43. Qe8+ Kh7 44. Qe2 h4 45. g4 Kh6 46. Qd2+ Kh7 47.
Qe2 Rc5 48. Qd3+ Kh6 49. Qxd4 Qxd4 50. Rxd4 Rc2 51. Rxa4 Rxb2 52. Ra7 Ra2 53. a4 Kg6 54. a5 Kg5 55. Kg2 Kf4 56. Rxg7 Rxa5 57. Rh7 Kg5 58.
Rh5+ Kg6 59. Rxa5 1-0

[Event "*** Titled Tuesday Blitz"]
[Site "Chess.com"]
[Date "2021.03.09"]
[Round "4"]
[White "garicradomir"]
[Black "Loy_Konstantin"]
[Result "0-1"]
[WhiteElo "2217"]
[BlackElo "2360"]
[TimeControl "180+1"]
[EndTime "10:42:30 PST"]
[Termination "Loy_Konstantin won by resignation"]

1. e4 c5 2. Nf3 d6 3. Be2 Nf6 4. c3 g6 5. O-O Bg7 6. Bb5+ Bd7 7.
Bxd7+ Nbxd7 8. Re1 O-O 9. d4 cxd4 10. cxd4 d5 11. e5 Ne4 12. Nbd2 Nxd2 13. Bxd2 Qb6 14.
Bc3 e6 15. h4 Rfc8 16. h5 Nf8 17. Qd2 Qd8 18. Qf4 Rc6 19. g3 Rac8 20. Kg2 h6 21.
hxg6 fxg6 22. Qg4 Qe8 23. Rh1 Qf7 24. Nh4 g5 25. Nf3 Ng6 26. Rh5 Rf8 27. Rah1 Qf5 28. Qxf5 Rxf5 29. Rxh6 Bxh6 30. Rxh6 Kg7 31. Rh5 g4 32. Rxf5 exf5 33. Ng5 Nf8 34. f3 Ne6 35.
fxg4 Nxg5 36. gxf5 Rc8 37. g4 Kf7 38. Kg3 Rh8 39.
Kf4 Ne4 40. Bb4 Rh1 41. e6+ Kf6 42. Bf8 Rf1+ 43. Ke3 Re1+ 44. Kf3 Ng5+ 45. Kf2 Re4 46. Bd6 Rxg4 47. Be5+ Ke7 48. Ke3 Re4+ 49. Kd3 Nxe6 50.
f6+ Kf7 51. b4 a6 52. Bf4 Rxf4 0-1

[Event "*** Titled Tuesday Blitz"]
[Site "Chess.com"]
[Date "2021.03.09"]
[Round "4"]
[White "Philosopherrr"]
[Black "AlexeiShirov"]
[Result "0-1"]
[WhiteElo "2510"]
[BlackElo "2848"]
[TimeControl "180+1"]
[EndTime "10:42:32 PST"]
[Termination "AlexeiShirov won by checkmate"]

1. d4 d5 2. Bf4 Nf6 3. e3 c5 4. Nd2 Nc6 5. c3 cxd4 6. exd4 Bg4 7. Qb3 Qc8 8. h3 Bh5 9. Ngf3 e6 10. Bd3 Be7 11.
O-O O-O 12. Rfe1 Bg6 13. Bf1 Ne4 14. Nxe4 Bxe4 15. Ne5 Bf6 16. Rad1 Bxe5 17. dxe5 Qc7 18. Bg3 a6 19. Qa3 b5 20. Qc5 Rfc8 21. h4 Na5 22.
Qd6 Qb7 23. f3 Bc2 24. Rd2 Bf5 25. h5 h6 26. Bf2 Nc4 27. Bxc4 bxc4 28. g4 Bd3 29. Bd4 Rab8 30. Kg2 Rc6 31. Qa3 Qc8 32. b4 Qd8 33. Qa4 Rb5 34. Qd1 Rb7 35. a4 Rc8 36. f4 Qh4 37. Rxd3 cxd3 38. Rh1 Qe7 39. Qxd3 Rc4 40.
f5 Qg5 41. Qf3 Rbxb4 42. fxe6 Rb2+ 43. Kg3 fxe6 44. Rf1 Qe7 45. Qd3 Rb8 46. Qg6 Rbc8 47. Rf6 Qe8 48. Rxe6 Qxg6 49. hxg6 R4c6 50. Re7 Rxg6 51.
Ra7 h5 52. Kh4 hxg4 53. Kg3 Rf8 54. Rd7 Rf3+ 55. Kg2 Rd3 56. Rxd5 g3 57. Rd8+ Kf7 58. Rd7+ Ke8 59. Rb7 Rd2+ 60. Kg1 g2 61. Rb1 Rh6 62. Rb8+ Kd7 63. Rb7+ Kc8 64. Rxg7 Rh1# 0-1

[Event "*** Titled Tuesday Blitz"]
[Site "Chess.com"]
[Date "2021.03.09"]
[Round "4"]
[White "Saxar85"]
[Black "ural58"]
[Result "1/2-1/2"]
[WhiteElo "2787"]
[BlackElo "2564"]
[TimeControl "180+1"]
[EndTime "10:42:32 PST"]
[Termination "Game drawn by repetition"]

1. e4 d5 2. exd5 Qxd5 3. Nc3 Qa5 4. Bc4 Nf6 5. d3 Bg4 6. f3 Be6 7. Bxe6 fxe6 8. Ne2 e5 9. Be3 Nc6 10. O-O O-O-O 11. a3 Nd4 12. b4 Qa6 13. Bxd4 exd4 14. Ne4 e5 15. Nxf6 gxf6 16. Qd2 h5 17. f4 Bh6 18. Kh1 Rhg8 19. Rf2 Qc6 20. Rg1 h4 21. h3 exf4 22. Nxf4 Rg3 23. Kh2 Rdg8 24. Qe2 a5 25. bxa5 Kb8 26. Qe4 Qd6 27. Rb1 c6 28. Rg1 Ka7 29. a6 Kxa6 30. Kh1 Ka7 31. a4 Qe5 32. Kh2 Ka6 33. a5 Kxa5 34. Ra1+ Kb6 35. Rb1+ Kc7 36. Ne6+ Kd6 37. Qxd4+ Qxd4 38. Nxd4 Kc7 39.
Nf5 R3g6 40. Nxh6 Rxh6 41. Rb4 b5 42. Rbf4 Rgg6 43. d4 Kd6 44. c3 Kd5 45. Rf5+ Kd6 46. R2f4 Kc7 47. Rc5 Kb6 48. Rcf5 Kb7 49. Rf3 Kc7 50.
Kg1 Kb6 51. Kf2 Ka5 52. Rc5 Kb6 53. Rcf5 Ka5 54. Rc5 Kb6 55. Rcf5 1/2-1/2

[Event "*** Titled Tuesday Blitz"]
[Site "Chess.com"]
[Date "2021.03.09"]
[Round "4"]
[White "vinniethepooh"]
[Black "Msb2"]
[Result "0-1"]
[WhiteElo "2711"]
[BlackElo "2910"]
[TimeControl "180+1"]
[EndTime "10:42:33 PST"]
[Termination "Msb2 won by resignation"]

1. d4 d5 2. c4 e6 3. Nc3 Nf6 4. cxd5 exd5 5. Bg5 c6 6. e3 h6 7. Bh4 Bf5 8. Qf3 Be6 9. Bxf6 Qxf6 10. Qxf6 gxf6 11. Nge2 a5 12. Ng3 a4 13. a3 Nd7 14. Bd3 b5 15. Na2 Nb6 16. Rc1 Kd7 17. Ke2 Nc4 18. Rc2 Rg8 19. f4 Kc7 20. Kf2 Re8 21.
Re1 Be7 22. Nf5 Bf8 23. h3 h5 24. Nc3 Kb6 25. Nd1 Bd7 26. Kf3 Bxf5 27. Bxf5 h4 28. Bd3 Rg3+ 29. Kf2 Nd6 30. Kf1 Bh6 31. Rce2 Bxf4 32.
exf4 Rxd3 33. Rxe8 Nxe8 34. Nf2 Rd2 35. Rxe8 Rxb2 36.
Re3 b4 37. axb4 Rxb4 38. g3 Rxd4 39. gxh4 Rxf4 40. h5 Rh4 41. Ng4 Rxh5 42. Ke2 Kc5 43. Nxf6 Rf5 44. Ng4 Kb4 45. Re8 d4 46. Kd3 a3 47.
Rb8+ Rb5 48. Ra8 c5 49. Ne5 Rb6 50. Nc4 Rh6 51. Rb8+ Ka4 52. Ra8+ Kb3 53. Rxa3+ Kb4 54. Ra8 Rxh3+ 55. Ne3 Rxe3+ 0-1

[Event "*** Titled Tuesday Blitz"]
[Site "Chess.com"]
[Date "2021.03.09"]
[Round "4"]
[White "As0nchess"]
[Black "szachuspl"]
[Result "0-1"]
[WhiteElo "2648"]
[BlackElo "2513"]
[TimeControl "180+1"]
[EndTime "10:42:34 PST"]
[Termination "szachuspl won on time"]

1. e4 c5 2. Nf3 e6 3. d4 cxd4 4. Nxd4 Nf6 5. Nc3 Nc6 6. Ndb5 Bb4 7. a3 Bxc3+ 8. Nxc3 d5 9. exd5 Nxd5 10. Nxd5 exd5 11. Bd3 Qe7+ 12. Qe2 Qxe2+ 13. Bxe2 Bf5 14. Bd3 Bxd3 15. cxd3 Kd7 16. Bf4 Nd4 17. Rc1 Rhe8+ 18. Be3 Nc6 19. Kd2 Na5 20. Rc2 a6 21. b4 Nc6 22.
Rhc1 Rac8 23. Rc5 Ke6 24. Re1 f6 25. Bf4+ Kf5 26. Rxe8 Rxe8 27. Bg3 Ke6 28. f3 Rd8 29. Bc7 Rd7 30. Bg3 h5 31. Rc1 g6 32. Re1+ Kf7 33. Rc1 Nd4 34. Rc8 Nc6 35. Bf2 Ke6 36. Bc5 Kf5 37. Rg8 g5 38. Rf8 h4 39. g3 hxg3 40.
hxg3 Kg6 41. a4 Kg7 42. Rc8 Kf7 43. f4 gxf4 44. gxf4 Nd8 45. f5 Nc6 46. b5 axb5 47. axb5 Ne5 0-1

[Event "*** Titled Tuesday Blitz"]
[Site "Chess.com"]
[Date "2021.03.09"]
[Round "4"]
[White "beautroll"]
[Black "Nemsko"]
[Result "0-1"]
[WhiteElo "2439"]
[BlackElo "2288"]
[TimeControl "180+1"]
[EndTime "10:42:34 PST"]
[Termination "Nemsko won on time"]

1. e4 c5 2. Nf3 d6 3. d4 cxd4 4. Nxd4 Nf6 5. Nc3 Nc6 6. Bg5 e6 7.
Qd2 a6 8. O-O-O Bd7 9. f4 b5 10.
Nxc6 Bxc6 11. e5 dxe5 12. Qxd8+ Rxd8 13. Rxd8+ Kxd8 14. fxe5 h6 15. Bh4 g5 16. Bf2 Nd5 17. Ne4 Bg7 18. Bd4 Kc7 19. Bd3 Nf4 20. Rf1 Rd8 21. Bc5 Bxe5 22. g3 Nxd3+ 23. cxd3 f5 24. Nf2 Rd5 25. b4 Bd4 26. Bf8 h5 27. Kc2 Re5 28.
Kd2 Be3+ 29. Kc2 Bb6 30. Kd2 Kd7 31. Bh6 Be3+ 32. Kc2 g4 33. Re1 Bd4 34. Rxe5 Bxe5 35. Bg5 Bd5 36. a3 Bd4 37. Nd1 Bg1 38. Nc3 Bxh2 39.
a4 bxa4 40. Bh4 Bg1 41. Nxa4 Bd4 42. Bg5 Kc6 43. Kd2 Be5 44. Nc3 Bxg3 45. Nxd5 Kxd5 46. Ke3 Bd6 47. d4 Bxb4 48. Bh4 Bc3 49. Bg3 Bxd4+ 50. Kd3 Be5 51. Be1 h4 52. Bxh4 g3 53. Ke2 Ke4 0-1

[Event "*** Titled Tuesday Blitz"]
[Site "Chess.com"]
[Date "2021.03.09"]
[Round "4"]
[White "GOGIEFF"]
[Black "Frogo47"]
[Result "1-0"]
[WhiteElo "2873"]
[BlackElo "2539"]
[TimeControl "180+1"]
[EndTime "10:42:35 PST"]
[Termination "GOGIEFF won by resignation"]

1. d4 Nf6 2. c4 g6 3. Nc3 Bg7 4. e4 d6 5. Be2 O-O 6. Bg5 c5 7.
d5 e6 8. Nf3 exd5 9. cxd5 Re8 10. Nd2 a6 11. a4 Nbd7 12. O-O Rb8 13. Qc2 h6 14. Bh4 g5 15. Bg3 Ne5 16. Rab1 Bg4 17. Bxg4 Nfxg4 18. Nd1 b5 19. axb5 axb5 20. h3 Nf6 21.
Ne3 Nh5 22. Nf5 Bf8 23. Ra1 Qf6 24. Ra7 c4 25. Bxe5 Rxe5 26. Nf3 Ree8 27. g3 Ng7 28. N3d4 Nxf5 29. Nxf5 Re5 30. g4 Ree8 31. Rfa1 b4 32.
Qxc4 Qxb2 33. R7a2 Qe5 34. Rb1 Qxe4 35. Qxe4 Rxe4 36.
Kg2 Rc4 37. Rb3 Rc3 38. Rab2 Rxb3 39. Rxb3 Rb5 40. Kf3 Rxd5 41. Rxb4 Kh7 42. Rb7 Kg6 43. Rb8 Bg7 44. Rg8 Rxf5+ 45. gxf5+ Kh7 46. Rd8 Be5 47. Kg4 Kg7 48. h4 gxh4 49. f4 h3 50. f6+ Kh7 51.
Kxh3 Bxf4 52. Kg4 Be5 53. Kf5 h5 54. Rf8 h4 55. Rxf7+ Kh6 56. Rg7 h3 57. Rg4 Kh7 58.
f7 Bg7 59. Rh4+ 1-0

[Event "*** Titled Tuesday Blitz"]
[Site "Chess.com"]
[Date "2021.03.09"]
[Round "4"]
[White "bazar-wokzal"]
[Black "MasterMK73"]
[Result "1-0"]
[WhiteElo "2477"]
[BlackElo "2300"]
[TimeControl "180+1"]
[EndTime "10:42:35 PST"]
[Termination "bazar-wokzal won by resignation"]

1. e4 c5 2. c3 d6 3. d4 Qc7 4. f4 Nd7 5. Nf3 g6 6. Bc4 cxd4 7. Qxd4 e5 8. Qd5 Nb6 9. Bb5+ Bd7 10. Qd3 Nf6 11.
fxe5 dxe5 12. Bg5 Bg7 13. Bxd7+ Nbxd7 14. O-O O-O 15. Bxf6 Nxf6 16. Kh1 Rfd8 17. Qe2 Rd7 18. Na3 a6 19. Rad1 Rad8 20. Rxd7 Rxd7 21. Nc4 Ne8 22.
Ne3 Nf6 23. Nd2 b5 24. Rf2 Qd6 25. Qf3 Qe7 26. h3 h5 27. Nd5 Nxd5 28. exd5 f5 29. c4 e4 30. Qe3 Qe5 31. cxb5 axb5 32. a4 Qxd5 33. axb5 Qxb5 34. Qg5 Qc6 35. Nf1 Qe6 36. g4 hxg4 37. hxg4 Rf7 38. Ng3 fxg4 39. Qd8+ Rf8 40. Rxf8+ Bxf8 41. Qd4 Qf5 42. Nxf5 gxf5 43. Qf6 g3 44. Qxf5 Bg7 45. Kg2 Bxb2 46. Qxe4 Bg7 47.
Kxg3 Kf7 48. Kg4 Kf6 49. Qf5+ Ke7 50. Kg5 Ba1 51. Kg6 Bf6 52. Qxf6+ Kd7 53. Qe5 Kc6 54. Kf6 1-0

[Event "*** Titled Tuesday Blitz"]
[Site "Chess.com"]
[Date "2021.03.09"]
[Round "4"]
[White "MillyNeuf"]
[Black "FGHSMN"]
[Result "0-1"]
[WhiteElo "2276"]
[BlackElo "2687"]
[TimeControl "180+1"]
[EndTime "10:42:35 PST"]
[Termination "FGHSMN won by checkmate"]

1. e4 c5 2. Nc3 Nc6 3. g3 g6 4.
Bg2 Bg7 5. d3 d6 6. Be3 Nf6 7.
h3 O-O 8. f4 e6 9. Nf3 Nd7 10.
Bf2 b5 11. Qd2 b4 12. Nd1 a5 13. O-O a4 14. Rb1 a3 15. b3 Bb7 16. g4 Rc8 17. Ne3 Nb6 18. f5 d5 19. Bh4 f6 20. e5 g5 21.
exf6 Bxf6 22. Bg3 e5 23. Qf2 Nd4 24. Nxe5 Re8 25. Nf3 Nxf3+ 26. Qxf3 Rxe3 27. Qxe3 Bd4 28. Bf2 Bxe3 29. Bxe3 Qd7 30. Bxg5 d4 31. Rbe1 Bxg2 32. Kxg2 Nd5 33. Re5 Re8 34. Rfe1 Ne3+ 35. R5xe3 dxe3 36. Bxe3 Qd5+ 37. Kf2 Qe5 38. Bd2 Qh2+ 39. Kf1 Rxe1+ 40.
Kxe1 Qg1+ 41. Ke2 Qb1 42. Bf4 Qxa2 43. Kd2 Qb2 44. f6 Qc3+ 45. Kd1 a2 46. Bd2 a1=Q+ 47.
Ke2 Qxc2 48. f7+ Kxf7 49. g5 Qad1+ 50. Ke3 Qcxd2+ 51. Ke4 Q1e2+ 52. Kd5 Qexd3+ 53. Kc6 Qd6+ 54. Kb5 Q2d3+ 55. Ka5 Q3a6# 0-1

[Event "*** Titled Tuesday Blitz"]
[Site "Chess.com"]
[Date "2021.03.09"]
[Round "4"]
[White "Grimlock_Glasgow"]
[Black "anon102030"]
[Result "0-1"]
[WhiteElo "2508"]
[BlackElo "2699"]
[TimeControl "180+1"]
[EndTime "10:42:36 PST"]
[Termination "anon102030 won by resignation"]

1. e4 e5 2. Nf3 Nc6 3. Bc4 Bc5 4. c3 Nf6 5. d4 exd4 6. e5 d5 7. Bb5 Ne4 8. cxd4 Bb6 9. Nc3 O-O 10. Be3 Bg4 11. h3 Bh5 12. Qc2 Bg6 13. Qb3 Ne7 14. O-O c6 15. Bd3 Nd2 16. Nxd2 Bxd3 17. Rfe1 Bg6 18. Na4 Nf5 19. Nf3 Ba5 20. Red1 Nxe3 21. Qxe3 f6 22. Nc5 Qc8 23. exf6 Rxf6 24. Ne5 Bb6 25.
Rac1 Bxc5 26. Rxc5 Qf5 27. Rc3 Raf8 28. f3 Be8 29. g4 Qf4 30. Kg2 h5 31. Qxf4 Rxf4 32. Kg3 g5 33. Re3 h4+ 34. Kg2 Kg7 35. b4 Bg6 36.
Ra3 a6 37. Rc3 Re8 38. Kf2 Rxe5 39. dxe5 Rxb4 40. Rb3 Rxb3 41. axb3 b6 42. Rd2 Kf7 43. Ke3 Ke6 44. f4 gxf4+ 45. Kxf4 c5 46. Kg5 Be4 47. Kxh4 b5 48. g5 c4 49. bxc4 bxc4 50. Kh5 c3 51. Rd1 c2 52. Ra1 d4 53. g6 Bxg6+ 54. Kxg6 d3 55. Rxa6+ Kxe5 56. Ra5+ Kd4 0-1

[Event "*** Titled Tuesday Blitz"]
[Site "Chess.com"]
[Date "2021.03.09"]
[Round "4"]
[White "Ajedrez_con_German"]
[Black "ARTHURMOTIVATOR"]
[Result "1-0"]
[WhiteElo "2541"]
[BlackElo "2331"]
[TimeControl "180+1"]
[EndTime "10:42:36 PST"]
[Termination "Ajedrez_con_German won by resignation"]

1. b3 e5 2. Bb2 Nc6 3. e3 Nf6 4. Bb5 Bd6 5. Na3 Na5 6. Be2 c6 7. c4 Qe7 8. Nc2 b6 9. Nf3 O-O 10. d4 e4 11. Nd2 Bc7 12. O-O Re8 13. b4 Nb7 14. c5 d5 15. cxd6 Nxd6 16. a4 Nf5 17. b5 Nh4 18. bxc6 Nxg2 19. Kxg2 Qe6 20. f4 exf3+ 21. Rxf3 Ng4 22. Nf1 Qh6 23. h3 Nf6 24. d5 Ne4 25. Qd4 Ng5 26. Qxg7+ Qxg7 27. Bxg7 Nxf3 28. Bxf3 Kxg7 29. e4 Be5 30. Rd1 Ba6 31. Nb4 Bxf1+ 32. Kxf1 Bd6 33. Nd3 f5 34. e5 Bxe5 35.
Nxe5 Rxe5 36. d6 Re3 37. Kf2 Rc3 38. c7 Rc8 39. Bb7 Rc2+ 40. Kf3 Rc3+ 41. Kf4 Rc4+ 42. Kxf5 Rc5+ 43. Ke6 R5xc7 44. dxc7 Rxc7 45. Rd7+ Rxd7 46. Kxd7 Kf6 47. Ba6 Ke5 48. Kc7 Kd4 49. Kb7 Kc5 50. Kxa7 Kb4 51. Bb5 Kc5 52. Ka6 h6 53. h4 h5 54. Ka7 Kd6 55. Kxb6 Kd5 56. a5 Ke5 57. a6 Kd5 58. a7 Kd4 59. a8=Q Ke5 60. Be8 1-0

[Event "*** Titled Tuesday Blitz"]
[Site "Chess.com"]
[Date "2021.03.09"]
[Round "4"]
[White "rpragchess"]
[Black "slavenok"]
[Result "1-0"]
[WhiteElo "2916"]
[BlackElo "2727"]
[TimeControl "180+1"]
[EndTime "10:42:37 PST"]
[Termination "rpragchess won by resignation"]

1. c4 c5 2. Nf3 Nc6 3. Nc3 Nf6 4. e3 e6 5. d4 cxd4 6. exd4 d5 7. cxd5 exd5 8. Bb5 Be7 9. O-O O-O 10. h3 a6 11. Bd3 h6 12. Re1 Nb4 13. Bb1 Be6 14. a3 Nc6 15. Qd3 Rc8 16. Bxh6 gxh6 17. Rxe6 Re8 18.
Ne5 Nxe5 19. dxe5 Rxc3 20. bxc3 Ne4 21. Rxh6 Bc5 22. Qf3 Bxf2+ 23. Kh2 Bg3+ 24. Kh1 Qg5 25. Bxe4 dxe4 26. Qh5 Qxh5 27. Rxh5 Bxe5 28. Re1 Bxc3 29. Re2 e3 30. Rd5 Kg7 31. Rd7 b5 32. Rb7 Re5 33.
Kh2 Bd2 34. Kg3 Rg5+ 35. Kf3 Rf5+ 36. Ke4 Rf2 37. Kd3 Rf6 38. g4 Rd6+ 39. Ke4 Re6+ 40. Kf3 Rf6+ 41. Kg3 Rc6 42. h4 Rc3 43. g5 Rxa3 44. h5 Ra1 45. h6+ Kg6 46. Rb6+ Kh7 47. Rf6 Kg8 48. Rg2 Re1 49. Kh2 e2 50. Kg3 Ba5 51.
Rf5 Bc7+ 52. Kg4 Rg1 53. Rxg1 Ba5 54. Re5 e1=Q 55. Rexe1 1-0

[Event "*** Titled Tuesday Blitz"]
[Site "Chess.com"]
[Date "2021.03.09"]
[Round "4"]
[White "Chigorinetz"]
[Black "mikolka1985"]
[Result "0-1"]
[WhiteElo "2505"]
[BlackElo "2688"]
[TimeControl "180+1"]
[EndTime "10:42:37 PST"]
[Termination "mikolka1985 won on time"]

1. e4 e5 2. Bc4 Nf6 3. d3 Nc6 4. Nc3 Na5 5. Qf3 Bc5 6. Nge2 Nxc4 7. dxc4 h6 8. h3 d6 9. b3 O-O 10. a4 a6 11. Be3 Bxe3 12. Qxe3 Nh7 13. g4 Ng5 14.
O-O-O Ne6 15. h4 Bd7 16. a5 Rb8 17. Nd5 Bc6 18. Rdg1 b5 19. axb6 Bxd5 20. exd5 Nc5 21. g5 h5 22. g6 cxb6 23. gxf7+ Rxf7 24. Rg6 b5 25. cxb5 axb5 26. Rhg1 Ra8 27. b4 Ra1+ 28.
Kd2 Rxg1 29. Nxg1 Na6 30. c3 Nc7 31. Ne2 Nxd5 32. Qd3 Nf6 33. Ng3 d5 34. Qxb5 Qc8 35. Qd3 d4 36. c4 Qb8 37. b5 Ra7 38. Ke2 Qe8 39. Kf1 Ra1+ 40. Kg2 Qa8+ 41. f3 Ra2+ 42.
Kh3 Ng4 43. Rxg4 hxg4+ 44. Kxg4 Qc8+ 45. Qf5 Qxc4 46. b6 Rb2 47. Ne4 Rg2+ 48. Kh3 Rb2 49. Nf6+ gxf6 0-1

[Event "*** Titled Tuesday Blitz"]
[Site "Chess.com"]
[Date "2021.03.09"]
[Round "4"]
[White "Lion-Al-Messi"]
[Black "rquery98"]
[Result "0-1"]
[WhiteElo "2484"]
[BlackElo "2639"]
[TimeControl "180+1"]
[EndTime "10:42:37 PST"]
[Termination "rquery98 won on time"]

1. e4 e5 2. Nf3 Nc6 3. Bb5 a6 4. Ba4 Nge7 5. c3 g6 6. d4 exd4 7. cxd4 Bg7 8. O-O b5 9. Bb3 O-O 10. Nc3 d6 11. Bg5 h6 12. Bh4 Na5 13. Bc2 g5 14. Bg3 Bb7 15. Re1 f5 16. exf5 Nxf5 17. Qe2 Kh8 18. d5 Nc4 19. Qe6 Bc8 20. Qe4 Nxb2 21.
Nd1 Nd3 22. Qxd3 Bxa1 23. Ne3 Bg7 24. h4 Bd7 25. hxg5 hxg5 26. Bh2 Qf6 27. g4 Rae8 28. gxf5 g4 29. Nxg4 Rxe1+ 30. Nxe1 Qc3 31. Qxc3 Bxc3 32. Nf3 Bxf5 33. Bxf5 Rxf5 34. Kg2 Rxd5 35. Ne3 Rc5 36. Nh4 b4 37. f4 a5 38. f5 a4 39. Ng6+ Kg7 40. Nf4 Kf7 41. Ne6 Rb5 42. Nxc7 Rb7 43. Ne6 b3 44. Nd8+ Ke8 45. Nxb7 b2 46. Nxd6+ Kd7 47.
Nd5 b1=Q 48. Nxc3 Qc2+ 49. Kh1 Qxc3 50. Kg1 Qc1+ 51. Kg2 Qc2+ 52. Kh3 Qxa2 53. Ne4 Qb3+ 54. Kg4 Ke8 55. Kf4 a3 56. Nd6+ Kd7 57. Kg5 a2 58. Ne4 Qg8+ 59. Kf4 a1=Q 60. Nc5+ Kc6 61. Ne4 Qb8+ 62. Kg4 Qxh2 0-1

[Event "*** Titled Tuesday Blitz"]
[Site "Chess.com"]
[Date "2021.03.09"]
[Round "4"]
[White "Romadk"]
[Black "Caracternin123"]
[Result "0-1"]
[WhiteElo "2357"]
[BlackElo "2579"]
[TimeControl "180+1"]
[EndTime "10:42:37 PST"]
[Termination "Caracternin123 won on time"]

1. d4 Nf6 2. Nf3 b6 3. g3 Bb7 4.
Bg2 c5 5. dxc5 bxc5 6. c4 g6 7. O-O Bg7 8. Nc3 O-O 9. Qb3 Qb6 10. Rd1 d6 11. h3 Nc6 12. Be3 Na5 13. Qxb6 axb6 14.
Nd2 Bxg2 15. Kxg2 Nd7 16. Rdc1 Nc6 17. b3 Ra5 18. a4 Nb4 19. Rab1 Bxc3 20. Rxc3 d5 21.
cxd5 Nxd5 22. Rd3 Nxe3+ 23. Rxe3 e6 24. Nc4 Ra7 25. Rd1 Rc8 26. Red3 Rcc7 27. Rd6 Rab7 28. Na3 Nf6 29. Nb5 Rd7 30. Kf3 Kf8 31. e4 Ke7 32.
Ke3 Ne8 33. R6d3 Rxd3+ 34. Rxd3 Nc7 35. Nd6 Rb8 36. e5 Nd5+ 37. Ke2 f5 38. f4 h6 39. Nb5 Rd8 40. Nd6 Ra8 41. Kf3 g5 42. g4 Nxf4 43. Rd1 Nxh3 44. gxf5 exf5 45. Nxf5+ Ke6 46.
Nxh6 Rf8+ 47. Kg3 Nf2 48. Rd6+ Kxe5 49. Rxb6 Ne4+ 50. Kg4 Rf4+ 51. Kh3 Rh4+ 52. Kg2 g4 53. Nf7+ Kf4 54. a5 g3 55. a6 Rh2+ 56. Kg1 Ra2 57. Nh6 Ng5 58. Rf6+ Ke4 0-1